 Dungeon Sprint DCSS version 0.21.0 (webtiles) character file.

2697 wojtek the Bludgeoner (level 9, -8/135 HPs)
             Began as a Minotaur Berserker on Jan 7, 2018.
             Was an Elder of Trog.
             Mangled by a deep troll (19 damage)
             ... in the Dungeon (Sprint I: "Red Sonja").
             The game lasted 00:02:07 (1034 turns).

wojtek the Bludgeoner (Minotaur Berserker)          Turns: 1034, Time: 00:02:07

Health: -8/135     AC:  3    Str: 29    XL:     9   Next: 38%
Magic:  8/8        EV: 17    Int:  4    God:    Trog [****..]
Gold:   612        SH:  0    Dex: 11    Spells: 8/8 levels left

rFire    . . .     SeeInvis .   k - +0 flail
rCold    . . .     Gourm    .   (no shield)
rNeg     . . .     Faith    .   b - +0 animal skin
rPois    .         Spirit   .   (helmet restricted)
rElec    .         Reflect  .   (no cloak)
rCorr    .         Harm     .   (no gloves)
MR       .....     NoTele   +   (no boots)
Stlth    ..........             (no amulet)
HPRegen  0.32/turn              (no ring)
MPRegen  0.11/turn              (no ring)

@: berserking, very quick
A: retaliatory headbutt, horns 2
a: Berserk, Trog's Hand, Brothers in Arms, Burn Spellbooks, Renounce Religion


You were in the Dungeon.
You worshipped Trog.
Trog was greatly pleased with you.
You were hungry.

You visited 1 branch You collected 612 gold pieces.

Inventory:

Hand Weapons
 a - a +0 mace
 k - a +0 flail (weapon)
Armour
 b - a +0 animal skin (worn)
Wands
 l - a wand of scattershot (3)
Scrolls
 i - a scroll of blinking
 m - 2 scrolls of amnesia {unknown}
Potions
 d - a potion of curing
 e - a potion of heal wounds
 f - a potion of haste
 g - 2 potions of magic
 h - a potion of berserk rage
 j - a potion of lignification {unknown}
Books
 n - a book of Callings

   Spells                             Type                      Level
   a - Summon Small Mammal            Summoning                    1
   b - Call Imp                       Summoning                    2
   c - Call Canine Familiar           Summoning                    3
   d - Summon Guardian Golem          Hexes/Summoning              3
   e - Summon Lightning Spire         Summoning/Air                4
   f - Summon Ice Beast               Ice/Summoning                4
   Trog disapproves of the use of such an item.
Comestibles
 c - a ration


   Skills:
 + Level 12.0 Fighting
 * Level 15.9 Maces & Flails
 + Level 11.8 Armour
 + Level 10.9 Dodging


You had 8 spell levels left.
You didn't know any spells.

Dungeon Overview and Level Annotations

Branches:
Dungeon (1/1)

Altars:
Cheibriados
Dithmenos
Elyvilon
Fedhas
Gozag
Hepliaklqana
Kikubaaqudgha
Makhleb
Nemelex Xobeh
Okawaru
Qazlal
Ru
Sif Muna
Trog
Uskayaw
Vehumet
Wu Jian
Xom
Yredelemnul
Zin
The Shining One
Jiyva
Lugonu

Shops:
D *

Annotations:
D exclusion: oklob plant


Innate Abilities, Weirdness & Mutations

You reflexively headbutt those who attack you in melee.
You have a pair of horns on your head.


Message History

The deep troll is severely wounded.
You closely miss the deep troll.
The deep troll is severely wounded.
The deep troll bites you!! The deep troll claws you!!
The deep troll claws you but does no damage.
You barely miss the deep troll. Your headbutt misses the deep troll.
The deep troll is severely wounded.
You barely miss the deep troll.
The deep troll is severely wounded.
The deep troll bites you. The deep troll claws you!
* * * LOW HITPOINT WARNING * * *
The deep troll misses you.
You sock the deep troll! Your headbutt misses the deep troll.
The deep troll is severely wounded.
You sock the deep troll!
The deep troll is almost dead.
The deep troll bites you!!
* * * LOW HITPOINT WARNING * * *
The deep troll closely misses you. The deep troll claws you!!
You die...

.#..)..#..'..#__#..'...#
.').#..').#))(..'..#)..#
.#####'#####'#__####...+
.####..#...#)####§§#####
.#__####..##.#§§≈§§#§.#
.#_____##'#_.§§§§.§+.§#
⌠#_.∩...'..(_#§§≈..#§.#
##_..__##_.#'##'#####'#
#_____###+#.#..@(# P§§
####### ####T### #§ $$.
####


You could see a deep troll.

Vanquished Creatures
  2 centaur warriors (D)
  2 kobold demonologists (D)
  A hornet (D)
  A slime creature (D)
  Sigmund (D)
  A yak (D)
  A floating eye (D)
  An ogre (D)
  A jelly (D)
  Ijyb (D)
12 creatures vanquished.

Vanquished Creatures (others)
  A gargoyle (D)
1 creature vanquished.

Grand Total: 13 creatures vanquished

Notes
Turn   | Place    | Note
-------+----------+-------------------------------------------
     0 | D        | wojtek the Minotaur Berserker began the quest for the Orb.
     0 | D        | Reached XP level 1. HP: 19/19 MP: 0/0
     1 | D        | Noticed Ijyb
     5 | D        | Killed Ijyb
     5 | D        | Reached skill level 5 in Maces & Flails
     5 | D        | Reached XP level 2. HP: 28/28 MP: 1/1
    51 | D        | Noticed an ogre
    55 | D        | Killed an ogre
    55 | D        | Reached skill level 7 in Maces & Flails
    55 | D        | Reached skill level 5 in Armour
    55 | D        | Reached skill level 5 in Dodging
    55 | D        | Reached XP level 3. HP: 37/37 MP: 2/2
    55 | D        | Reached XP level 4. HP: 44/44 MP: 3/3
    98 | D        | Noticed Sigmund
   106 | D        | Killed Sigmund
   106 | D        | Reached ** piety under Trog
   106 | D        | Reached skill level 10 in Maces & Flails
   106 | D        | Reached XP level 5. HP: 27/52 MP: 4/4
   262 | D        | Found a burning altar of Makhleb.
   262 | D        | Found a viscous altar of Jiyva.
   262 | D        | Found a shimmering altar of Xom.
   262 | D        | Found a corrupted altar of Lugonu.
   262 | D        | Noticed a slime creature
   268 | D        | Killed a slime creature
   268 | D        | Reached skill level 11 in Maces & Flails
   268 | D        | Reached XP level 6. HP: 62/62 MP: 5/5
   318 | D        | Found an ornate altar of the Wu Jian Council.
   318 | D        | Found a deep blue altar of Sif Muna.
   320 | D        | Found a radiant altar of Vehumet.
   352 | D        | Found Zegol's General Store.
   352 | D        | Found an ancient bone altar of Kikubaaqudgha.
   352 | D        | Found a hazy altar of Hepliaklqana.
   352 | D        | Found a stormy altar of Qazlal.
   352 | D        | Found a hide-covered altar of Uskayaw.
   352 | D        | Found a blossoming altar of Fedhas.
   352 | D        | Found a bloodstained altar of Trog.
   352 | D        | Found an iron altar of Okawaru.
   352 | D        | Found a basalt altar of Yredelemnul.
   352 | D        | Found a glowing golden altar of the Shining One.
   352 | D        | Found a snail-covered altar of Cheibriados.
   352 | D        | Found a sacrificial altar of Ru.
   352 | D        | Found a glowing silver altar of Zin.
   352 | D        | Found a shadowy altar of Dithmenos.
   352 | D        | Found a white marble altar of Elyvilon.
   352 | D        | Noticed a yak
   353 | D        | Found an opulent altar of Gozag.
   360 | D        | Killed a yak
   360 | D        | Reached *** piety under Trog
   360 | D        | Reached skill level 12 in Maces & Flails
   360 | D        | Reached XP level 7. HP: 38/70 MP: 6/6
   361 | D        | Found a sparkling altar of Nemelex Xobeh.
   446 | D        | Killed a gargoyle
   521 | D        | Noticed a kobold demonologist
   522 | D        | Noticed a kobold demonologist
   525 | D        | Noticed a ynoxinul
   533 | D        | Killed a kobold demonologist
   533 | D        | Reached skill level 10 in Fighting
   533 | D        | Reached skill level 13 in Maces & Flails
   539 | D        | Killed a kobold demonologist
   539 | D        | Reached **** piety under Trog
   539 | D        | Reached skill level 10 in Armour
   539 | D        | Reached XP level 8. HP: 65/80 MP: 7/7
   616 | D        | Noticed a centaur warrior
   616 | D        | Noticed a centaur warrior
   637 | D        | Killed a centaur warrior
   637 | D        | Reached skill level 14 in Maces & Flails
   637 | D        | Reached skill level 10 in Dodging
   711 | D        | Killed a centaur warrior
   711 | D        | Reached skill level 15 in Maces & Flails
   711 | D        | Reached XP level 9. HP: 25/90 MP: 8/8
   757 | D        | Noticed an oklob plant
  1023 | D        | Noticed a deep troll
  1034 | D        | Mangled by a deep troll

Skill      XL: |  1  2  3  4  5  6  7  8  9 |
---------------+----------------------------+-----
Fighting       | 4 6 7 8 9 10 11 12 | 12.0
Maces & Flails | 5 7 10 11 12 13 15 | 15.9
Armour         | 3 5 7 8 10 11 | 11.8
Dodging        | 3 5 6 7 9 10 | 10.9

Action                   |  1- 3 |  4- 6 |  7- 9 || total
-------------------------+-------+-------+-------++-------
Melee: Mace              |     5 |    14 |       ||    19
       Headbutt          |       |     8 |    10 ||    18
       Flail             |       |     7 |    45 ||    52
Invok: Berserk           |     2 |     1 |     3 ||     6
Evoke: Wand              |       |       |     1 ||     1
  Eat: Chunk             |       |     1 |     4 ||     5
Armor: Animal skin       |       |     3 |     5 ||     8
Dodge: Dodged            |     1 |     9 |    34 ||    44
